 Dungeon Crawl Stone Soup version 0.18.1-50-g88ac8fd (webtiles) character file.

76 go0n the Poker (level 4, 0/28 HPs)
             Began as a Tengu Berserker on Sept 23, 2016.
             Was a Believer of Trog.
             Slain by an orc
             ... wielding a +0 trident
              (5 damage)
             ... on level 3 of the Dungeon.
             The game lasted 00:06:22 (2067 turns).

go0n the Poker (Tengu Berserker)                    Turns: 2067, Time: 00:06:22

Health: 0/28       AC:  5    Str: 18    XL:     4   Next: 32%
Magic:  5/5        EV: 12    Int:  7    God:    Trog [**....]
Gold:   75         SH:  0    Dex: 14    Spells: 0 memorised, 3 levels left

rFire  . . .     SeeInvis .     n - +0 spear
rCold  . . .     Gourm    .     f - +0 ring mail
rNeg   . . .     Faith    .     (no shield)
rPois  .         Spirit   .     (helmet restricted)
rElec  .         Dismiss  .     (no cloak)
rCorr  .         Reflect  .     (no gloves)
SustAt .         Harm     .     (boots unavailable)
MR     ++...                    (no amulet)
Stlth  +.........               (no ring)
                                (no ring)

@: regenerating, slowed, very slow, very resistant to hostile enchantments, very
unstealthy
A: beak, talons 3
a: Berserk, Trog's Hand, Burn Spellbooks, Renounce Religion


You were on level 3 of the Dungeon.
You worshipped Trog.
Trog was pleased with you.
You were not hungry.

You visited 1 branch of the dungeon, and saw 3 of its levels.

You collected 75 gold pieces.

Inventory:

Hand Weapons
 a - a +0 spear
 n - a +0 spear (weapon)
Armour
 b - a +0 animal skin
 d - a +0 robe
 f - a +0 ring mail (worn)
 q - a +0 chain mail
Scrolls
 j - 2 scrolls of enchant armour
 l - a scroll of immolation {unknown}
 m - 3 scrolls of enchant weapon {unknown}
 o - 2 scrolls of magic mapping {unknown}
 r - a scroll of remove curse {unknown}
Potions
 h - a potion of brilliance {unknown}
 i - a potion of heal wounds {unknown}
 k - a potion of might {unknown}
 p - 2 potions of lignification {unknown}
 t - a potion of cure mutation {unknown}
Comestibles
 c - a bread ration
 g - a meat ration
 s - a slice of pizza


   Skills:
 + Level 3.6 Fighting
 + Level 4.1 Polearms
 - Level 2.1 Armour
 * Level 3.5 Dodging


You had 3 spell levels left.
You didn't know any spells.

Dungeon Overview and Level Annotations

Branches:
Dungeon (3/15)

Altars:


Innate Abilities, Weirdness & Mutations

You have a beak for a mouth.
You have claws for feet.


Message History

The orc wizard seems to speed up.
The orc misses you.
The orc hits you from afar with a trident.
* * * LOW HITPOINT WARNING * * *
You open the door. The orc hits you.
* * * LOW HITPOINT WARNING * * *
The orc completely misses you. The orc closely misses you.
There is an open door here.
Read which item? (? for menu, Esc to quit)
As you read the scroll labeled YGOSKA MEUP, it crumbles to dust.
It is a scroll of identify.
Identify which item? (\ to view known items) (? for menu, Esc to quit)
Choose an unidentified item, or Esc to abort.
Identify which item? (\ to view known items) (? for menu, Esc to quit)
j - 2 scrolls of enchant armour The orc closely misses you. x2; The orc barely misses you.
Your skin crawls.
You feel resistant to hostile enchantments.
You feel slightly more hungry.
The orc hits you from afar with a trident.
You die...

##.# #.....# ##..#
##.......##
##.<.####<........#
#.....).'.........+
##...####.........# ####..##
##.......# #......# #.....#
## #......# #...## o.
#..#...# #@## .# # #..##.##
#o# .#.# #..##.#
#o########..#
#.....########o#.oo)...#
#.............o((##..#...#
#...########.......#...#.$.#
##### #(....#...#...#...#
###.#...#...#...#..
#...#...#...#. #


You could see an orc priest, an orc wizard and 2 orcs.

Vanquished Creatures
  3 adders (D:2)
  2 giant geckos
  An orc (D:3)
  7 bats
  A giant cockroach (D:2)
  4 hobgoblins (D:2)
  2 jackals (D:2)
  2 quokkas (D:2)
  A giant newt (D:2)
  11 goblins
  7 kobolds
  4 rats
45 creatures vanquished.

Notes
Turn   | Place    | Note
--------------------------------------------------------------
     0 | D:1      | go0n the Tengu Berserker began the quest for the Orb.
     0 | D:1      | Reached XP level 1. HP: 14/14 MP: 2/2
   479 | D:1      | Reached XP level 2. HP: 15/19 MP: 3/3
   869 | D:2      | Reached XP level 3. HP: 14/23 MP: 4/4
  1137 | D:2      | Reached ** piety under Trog
  1655 | D:2      | Reached skill level 4 in Polearms
  1655 | D:2      | Reached XP level 4. HP: 18/28 MP: 5/5
  2067 | D:3      | Slain by an orc

Skill      XL: |  1  2  3 |
---------------+----------+-----
Dodging        | 3 |  3.5
Polearms       | 4 |  4.1
Fighting       | |  3.6
Armour         | |  2.1

Action                   |  1- 3 |  4- 6 || total
-------------------------+-------+-------++-------
Melee: Spear             |   108 |    34 ||   142
       Peck              |    14 |     9 ||    23
       Kick              |    14 |     7 ||    21
Invok: Trog's Hand       |       |     1 ||     1
  Use: Scroll            |       |     1 ||     1
  Eat: Chunk             |     2 |       ||     2
       Bread ration      |       |     1 ||     1
Armor: Ring mail         |    32 |    18 ||    50
       Animal skin       |     1 |       ||     1
Dodge: Dodged            |    86 |    40 ||   126
